 Dungeon Crawl Stone Soup version 0.25.1-2-g60ff931df9 (webtiles) character file.

Game seed: 7965046072635227952

73 Chiseanne the Magician (level 4, 22/30 HPs)
             Began as a Demonspawn Wizard on Oct 8, 2020.
             Quit the game on level 2 of the Dungeon.
             The game lasted 00:01:54 (2292 turns).

Chiseanne the Magician (Demonspawn Wizard)          Turns: 2292, Time: 00:01:55

Health: 22/30      AC:  2    Str:  8    XL:     4   Next: 8%
Magic:  0/9        EV: 12    Int: 20    God:
Gold:   102        SH:  0    Dex: 11    Spells: 9/10 levels left

rFire    . . .     SeeInvis .   f - +1 short sword (drain)
rCold    . . .     Gourm    .   (no shield)
rNeg     . . .     Faith    .   a - +0 robe
rPois    .         Spirit   .   b - +0 hat
rElec    .         Reflect  .   (no cloak)
rCorr    .         Harm     .   (no gloves)
MR       .....                  (no boots)
Stlth    +++.......             (no amulet)
HPRegen  0.10/turn              (no ring)
MPRegen  0.11/turn              (no ring)

@: mildly poisoned (22 -> 18), very slightly contaminated
A: antennae 1, nightstalker 1, powered by death 1
a: no special abilities


You were on level 2 of the Dungeon.
You were not hungry.

You visited 1 branch of the dungeon, and saw 2 of its levels.

You collected 102 gold pieces.

Inventory:

Hand Weapons
 f - a +1 short sword of draining (weapon)
Missiles
 c - 22 arrows
 e - 15 poisoned darts (quivered)
 g - 34 stones
 k - 18 sling bullets
Armour
 a - a +0 robe (worn)
 b - a +0 hat (worn)
 j - a +2 ring mail of positive energy
Scrolls
 h - 2 scrolls of enchant weapon {unknown}
 m - a scroll of identify {unknown}
Potions
 i - a potion of curing {unknown}
 l - a potion of haste {unknown}
Comestibles
 d - a ration


   Skills:
 - Level 1.7 Dodging
 - Level 1.7 Stealth
 * Level 3.9 Spellcasting
 * Level 2.8 Conjurations
   Level 1.0 Summonings
   Level 0.8 Translocations


You had 9 spell levels left.
You knew the following spells:

 Your Spells              Type           Power        Failure   Level  Hunger
a - Magic Dart            Conj           ###.         4%          1    None

Your spell library contained the following spells:

 Spells                   Type           Power        Failure   Level  Hunger
 Call Imp                 Summ           #.......     13%         2    ##.....
 Blink                    Tloc           N/A          14%         2    ##.....
 Slow                     Hex            #.......     21%         2    ##.....
 Conjure Flame            Conj/Fire      #.......     22%         3    ###....
 Mephitic Cloud           Conj/Pois/Air  #.......     26%         3    ###....


Dungeon Overview and Level Annotations

Branches:
Dungeon (2/15)

Altars:
Cheibriados


Innate Abilities, Weirdness & Mutations

You have a pair of small antennae on your head.
You are slightly more attuned to the shadows.
You regenerate a little health from kills.


Message History

Aiming: Magic Dart (safe; 4% risk of failure)
Press: ? - help, Shift-Dir - straight line, f/p - adder
Aim: an adder (heavily wounded)
The magic dart hits the adder.
The adder is almost dead.
The adder bites you.
You are poisoned.
The adder poisons you!
Casting: Magic Dart (safe; 4% risk of failure)
Confirm with . or Enter, or press ? or * to list all spells.
Aiming: Magic Dart (safe; 4% risk of failure)
Press: ? - help, Shift-Dir - straight line, f/p - adder
Aim: an adder (almost dead)
The magic dart hits the adder.
You kill the adder!
You have reached level 4!
You feel stronger.
Your demonic ancestry asserts itself...
A pair of antennae grows on your head!
You feel sick.
Are you sure you want to abandon this character and quit the game? (Confirm with "yes".)

.. ## ... ..#
##.## #.#
.....##.# ##
......#.##!..
......#....#
.._...@.#
......#.##
......#รทรท#
.....##..####
####.####.....#
.........###.#
#..####.####.#
#.#####...##.##
#.........##..##
#


There were no monsters in sight!

Vanquished Creatures
  4 adders (D:2)
  An ooze (D:1)
  A dart slug (D:1)
  2 leopard geckos (D:1)
  A ball python (D:1)
  A goblin (D:2)
  3 hobgoblins
  6 jackals (D:2)
  5 bats
  A frilled lizard (D:1)
  4 kobolds
  3 rats
32 creatures vanquished.

Notes
Turn   | Place    | Note
-------+----------+-------------------------------------------
     0 | D:1      | Chiseanne the Demonspawn Wizard began the quest for the
                  | Orb.
     0 | D:1      | Reached XP level 1. HP: 13/13 MP: 4/4
   403 | D:1      | Gained mutation: You are slightly more attuned to the
                  | shadows. [demonic ancestry]
   403 | D:1      | Reached XP level 2. HP: 14/19 MP: 0/6
  1485 | D:2      | Gained mutation: You regenerate a little health from kills.
                  | [demonic ancestry]
  1485 | D:2      | Reached XP level 3. HP: 23/24 MP: 0/8
  1893 | D:2      | HP: 1/24 [jackal (1)]
  2282 | D:2      | Found a snail-covered altar of Cheibriados.
  2291 | D:2      | Gained mutation: You have a pair of small antennae on your
                  | head. [demonic ancestry]
  2291 | D:2      | Reached XP level 4. HP: 23/30 MP: 0/9
  2292 | D:2      | Quit the game

Illustrated notes

Levels and vault maps discovered:
D:1:      minmay_arrival_radiant_lines, layout_loops_ring, serial_forest,
          infiniplex_forest_straight_5, infiniplex_forest_lined_1,
          infiniplex_forest_end_3, infiniplex_forest_lined_2,
          infiniplex_forest_clump_double
D:2:      layout_rooms, xom_teletrap_fun, old_standard_altar,
          nicolae_overflow_crystal_walls, first_ration, serial_bayou_ford_a,
          uniq_sigmund

Skill      XL: |  1  2 |
---------------+-------+-----
Conjurations   | 2 |  2.8
Dodging        | |  1.7
Stealth        | |  1.7
Spellcasting   | |  3.9
Summonings     | |  1.0
Translocations | |  0.8

Action                   |  1- 3 |  4- 6 || total
-------------------------+-------+-------++-------
Melee: Short sword       |    34 |       ||    34
 Cast: Magic Dart        |    80 |     1 ||    81
  Eat: Chunk             |     4 |       ||     4
Armor: Robe              |    14 |       ||    14
Dodge: Dodged            |    42 |       ||    42
